 Dungeon Crawl Stone Soup version 0.24-a0-176-gc3651c4 (webtiles) character file.

Game seed: 6562632813762689163

78 nikopol the Covered (level 4, -4/40 HPs)
             Began as a Minotaur Fighter on Mar 12, 2019.
             Killed by divine providence
             ... invoked by an orc priest
              (13 damage)
             ... on level 3 of the Dungeon.
             The game lasted 00:02:48 (1792 turns).

nikopol the Covered (Minotaur Fighter)              Turns: 1792, Time: 00:02:49

Health: -4/40      AC:  8    Str: 22    XL:     4   Next: 15%
Magic:  3/3        EV:  7    Int:  5    God:
Gold:   106        SH:  9    Dex:  9    Spells: 3/3 levels left

rFire    . . .     SeeInvis .   a - +0 war axe
rCold    . . .     Gourm    .   c - +0 shield
rNeg     . . .     Faith    .   b - +0 scale mail
rPois    .         Spirit   .   (helmet restricted)
rElec    .         Reflect  .   (no cloak)
rCorr    .         Harm     .   l - +0 pair of gloves
MR       .....                  (no boots)
Stlth    ..........             (no amulet)
HPRegen  0.13/turn              (no ring)
MPRegen  0.08/turn              (no ring)

@: no status effects
A: retaliatory headbutt, horns 2
a: no special abilities


You were on level 3 of the Dungeon.
You were hungry.

You visited 1 branch of the dungeon, and saw 3 of its levels.

You collected 106 gold pieces.

Inventory:

Hand Weapons
 a - a +0 war axe (weapon)
Armour
 b - a +0 scale mail (worn)
 c - a +0 shield (worn)
 l - a +0 pair of gloves (worn)
Jewellery
 s - an uncursed amulet of regeneration {unknown}
Scrolls
 e - a scroll of enchant weapon {unknown}
 h - a scroll of fog {unknown}
 j - 2 scrolls of magic mapping {unknown}
 k - a scroll of blinking {unknown}
 m - 2 scrolls of identify {unknown}
 p - a scroll of remove curse {unknown}
 q - a scroll of amnesia {unknown}
 r - a scroll of fear {unknown}
Potions
 d - a potion of might
 g - a potion of haste {unknown}
 i - a potion of invisibility {unknown}
 n - a potion of cancellation {unknown}
 o - 2 potions of curing {unknown}
Comestibles
 f - 4 rations


   Skills:
 + Level 4.1 Fighting
 + Level 3.4 Axes
 + Level 4.4 Armour
 + Level 0.2 Dodging
 + Level 4.4 Shields


You had 3 spell levels left.
You didn't know any spells.
Your spell library was empty.

Dungeon Overview and Level Annotations

Branches:
Dungeon (3/15)

Altars:
Dithmenos
Wu Jian


Innate Abilities, Weirdness & Mutations

You reflexively headbutt those who attack you in melee.
You have a pair of horns on your head.


Message History

You are too injured to fight recklessly!
The ball python's grasp on you weakens, but your attempt to escape fails.
The orc wizard gestures at you while chanting.
The puff of flame hits you. You block the orc's attack.
The ball python bites you but does no damage.
The ball python constricts you.
You slash the ball python!
You kill the ball python!
You slash the orc wizard! You hit the orc. You hit the orc but do no damage.
The orc wizard hits you with a +0 dagger.
* * * LOW HITPOINT WARNING * * *
The orc wizard looks encouraged for a moment.
The orc hits you but does no damage. You block the orc's attack.
The orc hits you but does no damage.
The orc wizard hits you with a +0 dagger.
* * * LOW HITPOINT WARNING * * *
You block the orc's attack.
The orc priest invokes the aid of Beogh against you.
Beogh smites you!
You die...

## #. .. #. #
#. #
...###o###.####
.....ooo†......
#o@# #()# #..#
#..# #..# #..#
#... ..##


You could see an orc priest, an orc wizard and 3 orcs.

Vanquished Creatures
  2 adders
  3 leopard geckos (D:1)
  3 orcs (D:3)
  A ball python (D:3)
  2 bats
  4 giant cockroaches (D:1)
  5 hobgoblins
  15 jackals
  2 frilled lizards (D:1)
  3 goblins
  5 kobolds (D:1)
  3 rats
48 creatures vanquished.

Notes
Turn   | Place    | Note
-------+----------+-------------------------------------------
     0 | D:1      | nikopol the Minotaur Fighter began the quest for the Orb.
     0 | D:1      | Reached XP level 1. HP: 19/19 MP: 0/0
    92 | D:1      | Reached XP level 2. HP: 20/27 MP: 1/1
   706 | D:1      | Reached XP level 3. HP: 28/33 MP: 2/2
  1198 | D:2      | Found an ornate altar of the Wu Jian Council.
  1237 | D:2      | Found a shadowy altar of Dithmenos.
  1782 | D:3      | Reached XP level 4. HP: 40/40 MP: 3/3
  1792 | D:3      | Killed from afar by an orc priest

Levels and vault maps discovered:
D:1:      ncdulo_watergridlock, layout_basic
D:2:      layout_basic, general_overflow_altar, marbit_many_paths, first_ration,
          kennysheep_generic_room_9
D:3:      layout_basic, elyvilon_altar_5, ebering_dispersal_statue_hall,
          solitary_fountain

Skill      XL: |  1  2  3 |
---------------+----------+-----
Armour         | 4 |  4.4
Shields        | 4 |  4.4
Fighting       | 4 |  4.1
Axes           | 3 |  3.4
Dodging        | |  0.2

Action                   |  1- 3 |  4- 6 || total
-------------------------+-------+-------++-------
Melee: War axe           |   109 |     8 ||   117
       Headbutt          |    12 |     1 ||    13
  Eat: Chunk             |     2 |       ||     2
Armor: Scale mail        |    53 |    14 ||    67
Dodge: Dodged            |    40 |     5 ||    45
Block: Shield            |    67 |    11 ||    78

Table legend:
 A = Non-vault XP
 B = Vault XP
 C = Vault XP percentage of total XP
 D = Non-vault monster count
 E = Vault monster count
 F = Vault count percentage of total count
                 A         B        C        D         E       F
            +---------+---------+-------+---------+---------+-------
      Total |     108 |       4 |   3.6 |      46 |       2 |   4.2
            +---------+---------+-------+---------+---------+-------
        D:1 |      56 |       0 |   0.0 |      31 |       0 |   0.0
        D:2 |      26 |       4 |  13.3 |       9 |       2 |  18.2
        D:3 |      26 |       0 |   0.0 |       6 |       0 |   0.0
            +---------+---------+-------+---------+---------+-------
